 Dungeon Crawl Stone Soup version 0.26-a0-149-g49b1be5409 (webtiles) character file.

Game seed: 13411972978392137677

79 Murumi the Chopper (level 4, -2/40 HPs)
             Began as a Hill Orc Monk on June 30, 2020.
             Slain by Crazy Yiuf
             ... wielding a +3 quarterstaff of chaos
              (10 damage)
             ... on level 2 of the Dungeon.
             The game lasted 00:06:52 (1822 turns).

Murumi the Chopper (Hill Orc Monk)                  Turns: 1822, Time: 00:06:52

Health: -2/40      AC:  3    Str: 14    XL:     4   Next: 37%
Magic:  4/4        EV: 13    Int: 10    God:
Gold:   154        SH:  0    Dex: 13    Spells: 3/3 levels left

rFire    . . .     SeeInvis .   a - +1 hand axe
rCold    . . .     Faith    .   (no shield)
rNeg     . . .     Spirit   .   f - +0 leather armour
rPois    .         Reflect  .   (no helmet)
rElec    .         Harm     .   (no cloak)
rCorr    .                      (no gloves)
MR       .....                  (no boots)
Stlth    ++........             (no amulet)
HPRegen  0.13/turn              (no ring)
MPRegen  0.09/turn              (no ring)

@: mighty
A: no striking features
a: no special abilities


You were on level 2 of the Dungeon.
You were not hungry.

You visited 1 branch of the dungeon, and saw 2 of its levels.

You collected 154 gold pieces.

Inventory:

Hand Weapons
 a - a +1 hand axe (weapon)
Armour
 f - a +0 leather armour (worn)
Scrolls
 b - 2 scrolls of enchant weapon
 d - 2 scrolls of magic mapping
Potions
 e - 3 potions of haste
 g - a potion of flight
 h - a potion of might {unknown}
Comestibles
 c - 2 rations


   Skills:
 - Level 4.0 Fighting
 + Level 4.3 Axes
 - Level 3.0 Armour
 - Level 3.0 Dodging
 - Level 1.5 Stealth


You had 3 spell levels left.
You didn't know any spells.
Your spell library was empty.

Dungeon Overview and Level Annotations

Branches:
Dungeon (2/15)

Altars:

Annotations:
D:2 Crazy Yiuf


Message History

Crazy Yiuf is lightly wounded.
Crazy Yiuf hits you with a +3 quarterstaff of chaos!
You hit Crazy Yiuf.
Crazy Yiuf is lightly wounded.
Crazy Yiuf hits you with a +3 quarterstaff of chaos!
You feel very mighty all of a sudden.
You slash Crazy Yiuf!
Crazy Yiuf is severely wounded.
Crazy Yiuf drinks a potion.
Crazy Yiuf is healed!
You hit Crazy Yiuf.
Crazy Yiuf is moderately wounded.
Crazy Yiuf hits you with a +3 quarterstaff of chaos.
You are electrocuted!
* * * LOW HITPOINT WARNING * * *
Okay, then.
You hit Crazy Yiuf.
Crazy Yiuf is heavily wounded.
Crazy Yiuf yells, "Castle!
Gnoll water testudinal."
Crazy Yiuf hits you with a +3 quarterstaff of chaos!
You die...

#.#.........#
#.##
###.........#
#..# #.........#
##.# #.....#####
#.# ##....# #.#
###### ♣♣♣♣♣##.##
### ♣♣♣.♣......#
#...#♣..♣.......#
#...g@♣♣♣♣......#
#)..#♣♣ ♣♣....##
### ♣♣####


You could see Crazy Yiuf.

Vanquished Creatures
  2 adders (D:2)
  3 dart slugs
  A leopard gecko (D:2)
  4 giant cockroaches
  6 hobgoblins
  8 jackals
  2 quokkas (D:2)
  5 bats
  3 frilled lizards
  5 goblins
  6 kobolds
  8 rats
53 creatures vanquished.

Notes
Turn   | Place    | Note
-------+----------+-------------------------------------------
     0 | D:1      | Murumi the Hill Orc Monk began the quest for the Orb.
     0 | D:1      | Reached XP level 1. HP: 19/19 MP: 1/1
   104 | D:1      | Reached skill level 1 in Armour
   204 | D:1      | Reached XP level 2. HP: 25/26 MP: 2/2
   782 | D:1      | Reached XP level 3. HP: 30/31 MP: 3/3
  1193 | D:2      | Reached XP level 4. HP: 33/40 MP: 4/4
  1813 | D:2      | Found a runed translucent door.
  1814 | D:2      | Noticed Crazy Yiuf
  1822 | D:2      | Slain by Crazy Yiuf

Illustrated notes

Levels and vault maps discovered:
D:1:      dpeg_arrival_three_same_balls, layout_basic, amethyst_killhole
D:2:      layout_basic, fountainhead, uniq_crazy_yiuf_cottage

Skill      XL: |  1  2  3  4 |
---------------+-------------+-----
Armour         | 1 2 3 |  3.0
Fighting       | 4 |  4.0
Dodging        | 3 |  3.0
Axes           | |  4.3
Stealth        | |  1.5

Action                   |  1- 3 |  4- 6 || total
-------------------------+-------+-------++-------
Melee: Hand axe          |   111 |    37 ||   148
  Use: Scroll            |     5 |     6 ||    11
 Stab: Sleeping          |     1 |       ||     1
  Eat: Chunk             |     1 |     2 ||     3
Armor: Leather armour    |    25 |     4 ||    29
       Robe              |     3 |       ||     3
Dodge: Dodged            |    93 |    23 ||   116

Table legend:
 A = Non-vault XP
 B = Vault XP
 C = Vault XP percentage of total XP
 D = Non-vault monster count
 E = Vault monster count
 F = Vault count percentage of total count
                 A         B        C        D         E       F
            +---------+---------+-------+---------+---------+-------
      Total |     113 |       0 |   0.0 |      53 |       0 |   0.0
            +---------+---------+-------+---------+---------+-------
        D:1 |      43 |       0 |   0.0 |      27 |       0 |   0.0
        D:2 |      70 |       0 |   0.0 |      26 |       0 |   0.0
            +---------+---------+-------+---------+---------+-------
